 Dungeon Crawl Stone Soup version 0.27.1 (webtiles) character file.

Game seed: 6705804509210882803

23 Destapler the Sneak (level 3, -1/18 HPs)
             Began as a Vine Stalker Brigand on Aug 27, 2021.
             Slain by a goblin (2 damage)
             ... on level 1 of the Dungeon.
             The game lasted 00:01:12 (307 turns).

Destapler the Sneak (Vine Stalker Brigand)           Turns: 307, Time: 00:01:13

Health: -1/18      AC:  4    Str: 13    XL:     3   Next: 0%
Magic:  0/4        EV: 12    Int: 11    God:
Gold:   36         SH:  0    Dex: 16    Spells: 2/2 levels left

rFire    . . .     SeeInvis .   a - +2 dagger
rCold    . . .     Faith    .   (no shield)
rNeg     . . .     Spirit   +   b - +0 robe
rPois    .         Reflect  .   (no helmet)
rElec    .         Harm     .   c - +0 cloak
rCorr    .         Rampage  .   f - +0 pair of gloves
Will     .....                  (no boots)
Stlth    +++.......             (no amulet)
HPRegen  0.06/turn              (no ring)
MPRegen  0.09/turn              (no ring)

@: no status effects
A: fangs 2, magic shield, antimagic bite, no potion heal 2
a: no special abilities


You were on level 1 of the Dungeon.
You visited 1 branch of the dungeon, and saw 1 of its levels.

You collected 36 gold pieces.

Inventory:

Hand Weapons
 a - a +2 dagger (weapon)
Missiles
 d - 8 poisoned darts (quivered)
 e - 2 curare-tipped darts
Armour
 b - a +0 robe (worn)
 c - a +0 cloak (worn)
 f - a +0 pair of gloves (worn)
Scrolls
 g - a scroll of magic mapping {unknown}
Potions
 h - a potion of brilliance {unknown}
 i - a potion of haste {unknown}


   Skills:
 + Level 2.1 Fighting
 + Level 2.1 Short Blades
 + Level 2.1 Throwing
 + Level 1.1 Dodging
 + Level 5.1 Stealth


You had 2 spell levels left.
You didn't know any spells.
Your spell library was empty.

Dungeon Overview and Level Annotations

Branches:
Dungeon (1/15)

Altars:


Innate Abilities, Weirdness & Mutations

You have extremely sharp teeth.
When hurt, damage is shared between your health and your magic reserves.
Your bite disrupts and absorbs the magic of your enemies.
Potions cannot restore your health.


Message History

The giant cockroach is severely wounded.
The giant cockroach bites you but does no damage.
The goblin hits you with a +0 dagger.
You hit the giant cockroach. Your bite misses the giant cockroach.
The giant cockroach is severely wounded.
The giant cockroach bites you but does no damage. x2
The goblin closely misses you.
You completely miss the giant cockroach.
Your bite misses the giant cockroach.
The giant cockroach is severely wounded.
The giant cockroach barely misses you. The giant cockroach misses you.
The goblin misses you.
You are too injured to fight recklessly!
You are too injured to fight recklessly!
You closely miss the giant cockroach.
You bite the giant cockroach, but do no damage.
The giant cockroach is heavily wounded.
The giant cockroach bites you but does no damage. x2
The goblin closely misses you.
You barely miss the giant cockroach.
The giant cockroach is heavily wounded.
The giant cockroach bites you but does no damage.
The giant cockroach barely misses you.
You hit the giant cockroach but do no damage.
The giant cockroach is heavily wounded.
The giant cockroach closely misses you. The goblin completely misses you.
The giant cockroach barely misses you.
You hit the giant cockroach. Your bite misses the giant cockroach.
The giant cockroach is severely wounded.
The giant cockroach bites you but does no damage.
The goblin hits you but does no damage. The giant cockroach bites you.
The giant cockroach closely misses you.
You barely miss the giant cockroach. Your bite misses the giant cockroach.
The giant cockroach is severely wounded.
The giant cockroach barely misses you. The goblin hits you but does no damage.
The giant cockroach misses you. The quokka closely misses you.
You hit the giant cockroach but do no damage.
The giant cockroach is severely wounded.
The giant cockroach barely misses you. The goblin hits you with a +0 dagger.
You die...

#.....# #...#
#...#...## #...#
#>###.#..########...#
..........)).........#
###.###.#..#######....#
#........###.....#
#..........(.#...#
#............#...#
#......B@........#
#......gBr.......#
##.##..........### ...
#..>.......# .
............#
#.#..........#
#.#.#.......## #
###.......#


You could see a quokka, 2 giant cockroaches and a goblin.

Vanquished Creatures
  2 dart slugs (D:1)
  4 bats (D:1)
  3 endoplasms (D:1)
  2 giant cockroaches (D:1)
  2 goblins (D:1)
  A hobgoblin (D:1)
  A ball python (D:1)
  A frilled lizard (D:1)
16 creatures vanquished.

Notes
Turn   | Place    | Note
-------+----------+-------------------------------------------
     0 | D:1      | Destapler the Vine Stalker Brigand began the quest for the
                  | Orb.
     0 | D:1      | Reached XP level 1. HP: 11/11 MP: 2/2
   108 | D:1      | Reached skill level 1 in Dodging
   108 | D:1      | Reached XP level 2. HP: 8/15 MP: 1/3
   109 | D:1      | Reached skill level 5 in Stealth
   296 | D:1      | Reached XP level 3. HP: 2/18 MP: 4/4
   307 | D:1      | Slain by a goblin

Illustrated notes

Levels and vault maps discovered:
D:1:      co_arrival_square_in_a_square_in_a_square, layout_rooms,
          minmay_worlds_worst_comb

Skill      XL: |  1  2 |
---------------+-------+-----
Dodging        | 1 |  1.1
Throwing       | 2 |  2.1
Stealth        | 5 |  5.1
Fighting       | 2 |  2.1
Short Blades   | 2 |  2.1

Action                   || total
-------------------------++-------
Melee: Dagger            ||    54
       Bite              ||    10
Armor: Robe              ||    32
Dodge: Dodged            ||    40
